 Dungeon Crawl Stone Soup version 0.14-a0-1686-g0e827d1 (webtiles) character file.

136 Gorice the Bolt Thrower (level 4, 0/35 HPs)
             Began as a Ghoul Arcane Marksman on Dec 30, 2013.
             Was an Initiate of Okawaru.
             Slain by Crazy Yiuf
             ... wielding a +2,+3 quarterstaff of chaos
              (20 damage)
             ... on Level 2 of the Dungeon.
             The game lasted 00:09:18 (1354 turns).

Gorice the Bolt Thrower (Ghoul Arcane Marksman)     Turns: 1354, Time: 00:09:18

HP   0/35        AC  2     Str 14      XL: 4   Next:  1%
MP   3/4         EV 12     Int  9      God: Okawaru [......]
Gold 78          SH  0     Dex  8      Spells:  1 memorised,  4 levels left

rFire  . . .     SeeInvis .     b - +0 crossbow
rCold  + . .     Clarity  .     a - +0 robe
rNeg   + + +     Conserve .     (no shield)
rPois  +         rCorr    .     (no helmet)
rElec  .         rRot     +     (no cloak)
SustAb . .       Spirit   .     (no gloves)
rMut   .         Warding  .     (no boots)
Saprov + + +     Stasis   .     (no amulet)
                                (no ring)
                                (no ring)

@: rotting, slightly resistant to hostile enchantments, very unstealthy
A: rotting body, claws 1, carnivore 3, cold resistance 1, life protection 3,
poison resistance, saprovore 3, slow healing 1, torment resistance, unbreathing
a: Renounce Religion


You were on level 2 of the Dungeon.
You worshipped Okawaru.
Okawaru was noncommittal.
You were not hungry.

You visited 1 branch of the dungeon, and saw 2 of its levels.

You collected 78 gold pieces.

Inventory:

Hand weapons
 b - a +0,+0 crossbow (weapon)
 g - a +4,+1 elven whip
 i - a +1,+2 whip of freezing
 l - a +5,+0 elven spear
 o - a +0,+0 mace
Missiles
 c - 16 bolts (quivered)
 V - 13 darts
 Z - 17 stones
Armour
 a - a +0 robe (worn)
 e - a +0 chain mail
 q - a +0 pair of gloves
Comestibles
 p - a rotting chunk of ball python flesh
 s - a rotting chunk of adder flesh
 w - a chunk of quokka flesh
 x - a chunk of giant newt flesh
 z - a chunk of bat flesh
Scrolls
 h - a scroll of curse jewellery {unknown}
 k - 2 scrolls of teleportation {unknown}
 n - a scroll of recharging {unknown}
 r - a scroll of enchant weapon II {unknown}
 u - 2 scrolls of remove curse
Potions
 f - 3 potions of curing {unknown}
 j - 2 potions of heal wounds {unknown}
 m - a potion of brilliance {unknown}
 t - a potion of magic {unknown}
Books
 d - a book of Debilitation

   Spells                             Type                      Level
   *Corona                            Hexes                        1
   Slow                               Hexes                        2
   Inner Flame                        Hexes/Fire                   3
   Enslavement                        Hexes                        4
   Cause Fear                         Hexes                        4
   Leda's Liquefaction                Hexes/Earth                  4
 v - a book of Transfigurations

   Spells                             Type                      Level
   Stoneskin                          Transmutation/Earth          2
   Ice Form                           Ice/Transmutation            4
   Statue Form                        Transmutation/Earth          6
   Dragon Form                        Transmutation                7


   Skills:
 - Level 1.1 Fighting
 + Level 2.5 Crossbows
 + Level 2.3 Dodging
 + Level 2.4 Unarmed Combat
 - Level 1.0 Spellcasting
 - Level 2.4 Hexes


You had 4 spell levels left.
You knew the following spells:

 Your Spells              Type           Power        Failure   Level  Hunger
a - Corona                Hex            #......      14%         1    ##.....


Dungeon Overview and Level Annotations

Branches:
Dungeon (2/16)

Altars:
Okawaru
Trog

Annotations:
D:2 Crazy Yiuf


Innate Abilities, Weirdness & Mutations

Your body is rotting away.
You have sharp fingernails.
You are carnivorous and can eat meat at any time.
Your flesh is cold resistant.
You are immune to negative energy.
Your system is resistant to poisons.
You thrive on rotten meat.
You heal slowly when monsters are visible.
You are immune to unholy pain and torment.
You can survive without breathing.


Message History

Aim: Crazy Yiuf, wielding a quarterstaff of chaos and wearing a runed cloak You shoot a bolt.
The bolt hits Crazy Yiuf.
Crazy Yiuf is lightly wounded.
Firing (i - inventory. (,) - cycle):
c - 17 bolts (quivered)
Press: ? - help, Shift-Dir - straight line, f/p - Crazy Yiuf
Aim: Crazy Yiuf, wielding a quarterstaff of chaos and wearing a runed cloak (lightly wounded)
You shoot a bolt. The bolt hits Crazy Yiuf.
Crazy Yiuf is moderately wounded.
Crazy Yiuf hits you with a quarterstaff of chaos!
Casting: Corona
Confirm with . or Enter, or press ? or * to list all spells.
Aiming: Corona
Press: ? - help, Shift-Dir - straight line, f/p - Crazy Yiuf
Aim: Crazy Yiuf, wielding a quarterstaff of chaos and wearing a runed cloak (moderately wounded) Crazy Yiuf easily resists.
Crazy Yiuf cries, "Ice cloud fast!"
Crazy Yiuf hits you with a quarterstaff of chaos!
You are electrocuted!
Ouch! That really hurt!
You die...

#......#.....
#...##.#...._ #####
##.###....... #)..#
#..#####..#8. #...#
#.........##. ...
#########.... ##(##♣
##.#.. ♣♣g♣♣♣
#####..#.# ♣♣♣@♣♣♣
..##.....# ♣♣♣.♣♣♣
#.##..#..# ♣♣♣♣.♣♣
#.##..##.# ♣♣♣♣.♣♣♣
#.##.<##.# ♣♣♣...♣♣
#.##..##..
♣♣....♣♣####.#...####
###..####......#.####
#....# ##.#.........
#...#####.##########


You could see Crazy Yiuf.

Vanquished Creatures
  2 adders (D:2)
  A giant mite (D:2)
  12 bats
  A giant cockroach (D:2)
  3 hobgoblins (D:1)
  A quokka (D:2)
  2 ball pythons
  3 giant newts (D:2)
  2 goblins (D:1)
  2 jackals (D:1)
  5 kobolds (D:1)
  2 rats
36 creatures vanquished.

Notes
Turn   | Place    | Note
--------------------------------------------------------------
     0 | D:1      | Gorice, the Ghoul Arcane Marksman, began the quest for the Orb.
     0 | D:1      | Reached XP level 1. HP: 16/16 MP: 2/2
   164 | D:1      | Reached XP level 2. HP: 23/23 MP: 3/3
   299 | D:1      | Reached skill level 1 in Unarmed Combat
   594 | D:1      | Reached XP level 3. HP: 28/28 MP: 4/4
  1135 | D:2      | Found a bloodstained altar of Trog.
  1217 | D:2      | Reached XP level 4. HP: 35/35 MP: 4/4
  1263 | D:2      | Found an iron altar of Okawaru.
  1275 | D:2      | Became a worshipper of Warmaster Okawaru
  1349 | D:2      | Noticed Crazy Yiuf
  1354 | D:2      | Slain by Crazy Yiuf

Action                   |  1- 3 |  4- 6 || total
-------------------------+-------+-------++-------
Melee: Unarmed           |    80 |     4 ||    84
 Fire: Crossbow          |    33 |     2 ||    35
 Cast: Corona            |       |     1 ||     1
  Use: Scroll            |     3 |       ||     3
